 Dungeon Crawl Stone Soup version 0.27-a0-417-g317cea8a3c (webtiles) character file.

Game seed: 11749127682698625203

72 jasper the Conjurer (level 4, 0/24 HPs)
             Began as a Tengu Hedge Wizard on Feb 25, 2021.
             Was an Initiate of Fedhas.
             Slain by Purgy (3 damage)
             ... on level 3 of the Dungeon.
             The game lasted 00:04:30 (2146 turns).

jasper the Conjurer (Tengu Hedge Wizard)            Turns: 2146, Time: 00:04:31

Health: 0/24       AC:  2    Str: 11    XL:     4   Next: 26%
Magic:  3/9        EV: 12    Int: 15    God:    Fedhas [......]
Gold:   45         SH:  0    Dex: 13    Spells: 3/9 levels left

rFire    . . .     SeeInvis .   a - +0 dagger
rCold    . . .     Faith    .   (no shield)
rNeg     . . .     Spirit   .   b - +0 robe
rPois    .         Reflect  .   c - +0 hat
rElec    .         Harm     .   (no cloak)
rCorr    .         Rampage  .   (no gloves)
Will     .....                  (boots unavailable)
Stlth    ++........             (no amulet)
HPRegen  0.08/turn              (no ring)
MPRegen  0.11/turn              (no ring)

@: very slightly contaminated
A: beak, talons 3
a: Renounce Religion


You were on level 3 of the Dungeon.
You worshipped Fedhas.
Fedhas was noncommittal.
You visited 1 branch of the dungeon, and saw 3 of its levels.

You collected 45 gold pieces.

Inventory:

Hand Weapons
 a - a +0 dagger (weapon)
Armour
 b - a +0 robe (worn)
 c - a +0 hat (worn)
Scrolls
 e - a scroll of identify
Potions
 d - a potion of might {unknown}


   Skills:
 - Level 2.1 Dodging
 - Level 2.0 Stealth
 - Level 3.0 Spellcasting
 - Level 5.1 Conjurations
 - Level 1.2 Summonings
 - Level 0.7 Translocations
 + Level 0.7 Air Magic
 + Level 0.4 Poison Magic


You had 3 spell levels left.
You knew the following spells:

 Your Spells              Type           Power        Failure   Level
a - Magic Dart            Conj           68%          2%          1
b - Blink                 Tloc           N/A          22%         2
c - Mephitic Cloud        Conj/Pois/Air  8%           26%         3

Your spell library contained the following spells:

 Spells                   Type           Power        Failure   Level
 Call Imp                 Summ           5%           19%         2
 Conjure Flame            Conj/Fire      9%           22%         3
 Slow                     Hex            2%           30%         2


Dungeon Overview and Level Annotations

Branches:
Dungeon (3/15)

Altars:
Fedhas

Annotations:
D:2 Sigmund, Terence
D:3 Purgy


Innate Abilities, Weirdness & Mutations

You have a beak for a mouth.
You have claws for feet.


Message History

Confirm with . or Enter, or press ? or * to list all spells.
The spell is extremely dangerous to cast (26% risk of failure)!
Continue anyway?
Aiming: Mephitic Cloud (extremely dangerous; 26% risk of failure)
Press: ? - help, Shift-Dir - straight line, f/p - Purgy
Aim: Purgy (chance to affect: 77%)
The ball explodes into a vile cloud!
The stinking cloud engulfs Purgy but does no damage.
Purgy is engulfed in noxious fumes.
Purgy appears confused.
You now have 3/9 mp.
You hit Purgy.
Purgy is lightly wounded.
Purgy is engulfed in noxious fumes.
Purgy appears confused.
Purgy says, "I'm a little confused."
Purgy barely misses you. x2; Purgy misses you.
You hit Purgy but do no damage.
Purgy is lightly wounded.
Purgy is engulfed in noxious fumes.
Purgy appears confused.
Purgy bites you. Purgy barely misses you. x2
You take 4 damage, and have 20/24 hp.
You catch the helpless Purgy completely off-guard!
You puncture Purgy!
Purgy is moderately wounded.
Purgy is engulfed in noxious fumes.
You hit Purgy but do no damage. Your kick misses Purgy. You peck Purgy.
Purgy is moderately wounded.
Purgy is engulfed in noxious fumes.
Purgy appears confused.
Purgy bites you. Purgy claws you but does no damage. Purgy claws you.
You take 9 damage, and have 11/24 hp.
MASSIVE DAMAGE!!
You barely miss Purgy. Your kick misses Purgy.
Purgy is moderately wounded.
Purgy barely misses you. x2; Purgy closely misses you.
You hit Purgy but do no damage.
Purgy is moderately wounded.
Purgy bites you!
* * * LOW HITPOINT WARNING * * *
Purgy claws you.
* * * LOW HITPOINT WARNING * * *
Purgy claws you.
You die...
Fedhas appreciates your contribution to the ecosystem.

#.# #.### #...#
###.# .. #.# #.
#.# .. #.# .##
#.# T. #@##.####
#T#.....#.#
#######.#.......#
...........##.###
#######.......#
#########


You could see Purgy (confused).

Vanquished Creatures
  3 adders
  A worm (D:2)
  2 dart slugs
  An orc (D:2)
  A giant cockroach (D:2)
  3 goblins
  6 hobgoblins
  3 jackals (D:2)
  4 kobolds
  A quokka (D:2)
  5 bats
  4 frilled lizards
  4 rats
38 creatures vanquished.

Vanquished Creatures (others)
  5 fungi (D:2)
  2 plants (D:2)
7 creatures vanquished.

Grand Total: 45 creatures vanquished

Notes
Turn   | Place    | Note
-------+----------+-------------------------------------------
     0 | D:1      | jasper the Tengu Hedge Wizard began the quest for the Orb.
     0 | D:1      | Reached XP level 1. HP: 10/10 MP: 5/5
   117 | D:1      | Reached skill level 2 in Conjurations
   568 | D:1      | Reached XP level 2. HP: 15/15 MP: 2/7
   575 | D:1      | Reached skill level 3 in Conjurations
   638 | D:1      | Learned a level 2 spell: Blink
  1130 | D:2      | Reached XP level 3. HP: 3/19 MP: 0/8
  1150 | D:2      | Reached skill level 4 in Conjurations
  1526 | D:2      | Found a blossoming altar of Fedhas.
  1544 | D:2      | Became a worshipper of Fedhas Madash
  1664 | D:2      | Noticed Terence
  1852 | D:2      | Noticed Sigmund
  1908 | D:3      | Reached skill level 5 in Conjurations
  1908 | D:3      | Reached XP level 4. HP: 24/24 MP: 3/9
  1913 | D:3      | Learned a level 3 spell: Mephitic Cloud
  2130 | D:3      | Noticed Purgy
  2146 | D:3      | Slain by Purgy

Illustrated notes

Levels and vault maps discovered:
D:1:      psy_arrival_spokes, layout_rooms, minmay_misc_feat_five
D:2:      layout_rooms, fedhas_altar_3, minmay_misc_feat_secret_circle,
          st_stairs_11, chequers_jeans, uniq_sigmund, uniq_terence
D:3:      layout_basic, amethyst_overflow_temple_binary, uniq_ijyb, uniq_purgy,
          uniq_crazy_yiuf_cottage

Skill      XL: |  1  2  3 |
---------------+----------+-----
Conjurations   | 2 3 5 |  5.1
Dodging        | |  2.1
Stealth        | |  2.0
Spellcasting   | |  3.0
Summonings     | |  1.2
Translocations | |  0.7
Air Magic      | |  0.7
Poison Magic   | |  0.4

Action                   |  1- 3 |  4- 6 || total
-------------------------+-------+-------++-------
Melee: Dagger            |    19 |     8 ||    27
       Peck              |     4 |     1 ||     5
       Kick              |     4 |       ||     4
 Cast: Magic Dart        |    87 |     6 ||    93
       Mephitic Cloud    |       |     1 ||     1
  Use: Scroll            |     2 |       ||     2
 Stab: Sleeping          |     1 |       ||     1
       Confused          |       |     1 ||     1
Armor: Robe              |    13 |     2 ||    15
Dodge: Dodged            |    50 |     9 ||    59

Table legend: (Time is in decaauts)
 A = Elapsed time spent in this place.
 B = Non-inter-level travel time spent in this place.
 C = Inter-level travel time spent in this place.
 D = Time resting spent in this place.
 E = Time spent auto-exploring this place.
 F = Levels seen in this place.
 G = Mean time per level.
                   A        B        C        D        E       F      G
               +--------+--------+--------+--------+--------+-----+--------+
         Total |   2147 |   2109 |     38 |    243 |   1522 |   3 |  715.7 |
       Dungeon |   2147 |   2109 |     38 |    243 |   1522 |   3 |  715.7 |
               +--------+--------+--------+--------+--------+-----+--------+

Top non-repeatable levels by time:
     D:1: 991 daAuts
     D:2: 890 daAuts
     D:3: 264 daAuts
